 Dungeon Crawl Stone Soup version 0.27.0-1-g7a089689b8 (webtiles) character file.

Game seed: 14716918782075505590

24 thirtiethelement the Skirmisher (level 2, 0/24 HPs)
             Began as a Demonspawn Abyssal Knight on Aug 9, 2021.
             Was a Follower of Lugonu.
             Slain by an adder (3 damage)
             ... on level 2 of the Dungeon.
             The game lasted 00:03:33 (1750 turns).

thirtiethelement the Skirmisher (DsAK)              Turns: 1750, Time: 00:03:34

Health: 0/24       AC:  6    Str: 12    XL:     2   Next: 79%
Magic:  3/3        EV: 11    Int: 13    God:    Lugonu [*.....]
Gold:   46         SH:  0    Dex: 12    Spells: 0/1 levels left

rFire    . . .     SeeInvis .   a - +1 falchion
rCold    . . .     Faith    .   (no shield)
rNeg     . . .     Spirit   .   b - +1 leather armour
rPois    .         Reflect  .   (no helmet)
rElec    .         Harm     .   (no cloak)
rCorr    .         Rampage  .   (no gloves)
Will     .....                  (no boots)
Stlth    +.........             (no amulet)
HPRegen  0.08/turn              f - ring of wizardry
MPRegen  0.08/turn              (no ring)

@: no status effects
A: thin metallic scales 1
a: Renounce Religion, Depart the Abyss


You were on level 2 of the Dungeon.
You worshipped Lugonu.
Lugonu was aware of your devotion.
You visited 1 branch of the dungeon, and saw 2 of its levels.
You visited the Abyss 1 time.

You collected 46 gold pieces.

Inventory:

Hand Weapons
 a - a +1 falchion (weapon)
Armour
 b - a +1 leather armour (worn)
Jewellery
 f - a ring of wizardry (left hand)
Scrolls
 h - a scroll of teleportation
Potions
 c - 2 potions of curing {unknown}
 d - a potion of attraction
 e - a potion of cancellation {unknown}
 g - a potion of haste {unknown}


   Skills:
 + Level 3.6 Fighting
 + Level 1.8 Long Blades
 + Level 2.0 Armour
 + Level 1.1 Dodging
 + Level 0.1 Stealth
 + Level 2.5 Invocations


You couldn't memorise any spells.
You knew the following spells:

 Your Spells              Type           Power      Damage    Failure   Level
a - Animate Skeleton      Necr           0%         N/A       16%         1

Your spell library contained the following spells:

 Spells                   Type           Power      Damage    Failure   Level
 Apportation              Tloc           0%         N/A       16%         1
 Corona                   Hex            0%         N/A       16%         1
 Summon Small Mammal      Summ           0%         N/A       16%         1
 Call Canine Familiar     Summ           0%         N/A       41%         3
 Summon Guardian Golem    Hex/Summ       0%         N/A       41%         3


Dungeon Overview and Level Annotations

Branches:
Dungeon (2/15)

Altars:


Innate Abilities, Weirdness & Mutations

You are partially covered in thin metallic scales. (AC +2)


Message History

The adder is moderately wounded.
You feel sick.
You are no longer poisoned.
The adder barely misses you. The adder bites you but does no damage.
You closely miss the adder.
The adder is moderately wounded.
The adder bites you.
You are poisoned.
The adder poisons you!
You are too injured to fight recklessly!
You are too injured to fight recklessly!
You are too injured to fight recklessly!
You miss the adder.
The adder is moderately wounded.
You feel sick. The adder barely misses you. x2
You closely miss the adder.
The adder is moderately wounded.
You feel sick. The adder bites you but does no damage.
You closely miss the adder.
The adder is moderately wounded.
You feel sick. The adder closely misses you.
The adder bites you but does no damage.
You hit the adder.
The adder is almost dead.
You feel sick.
You are no longer poisoned.
The adder bites you.
* * * LOW HITPOINT WARNING * * *
You hit the adder.
The adder is almost dead.
The adder barely misses you. The adder misses you.
Your leather armour prevents you from hitting the adder.
The adder is almost dead.
The adder closely misses you.
You riposte.
You miss the adder.
The adder is almost dead.
The adder bites you but does no damage.
You hit the adder but do no damage.
The adder is almost dead.
The adder bites you.
You die...

.. .. ### ## ... .. ..#
..#####.. .. +#+####.#
......#.###.#
.......S####..........[
.......@............#.##
........########..#.#...
+#+#....................
#....#.#.#.......#.####
#.#....#.#######.#.# #
####.#.........#.#
..#.#########.####
###...............
#.#########.####


You could see an adder.

Vanquished Creatures
  A dart slug (D:1)
  4 bats (D:1)
  2 endoplasms
  A giant cockroach (D:1)
  6 jackals (D:1)
  2 frilled lizards
  3 kobolds (D:1)
  A rat (D:1)
20 creatures vanquished.

Notes
Turn   | Place    | Note
-------+----------+-------------------------------------------
     0 | Abyss:1  | thirtiethelement the Demonspawn Abyssal Knight began the
                  | quest for the Orb.
     0 | Abyss:1  | Reached XP level 1. HP: 18/18 MP: 2/2
   171 | Abyss:1  | Noticed a smoke demon
   173 | Abyss:1  | Noticed a green death
   175 | D:1      | Escaped the Abyss
   677 | D:1      | Found a faded altar of an unknown god.
   695 | D:1      | Gained mutation: You are partially covered in thin metallic
                  | scales. (AC +2) [demonic ancestry]
   695 | D:1      | Reached XP level 2. HP: 6/24 MP: 3/3
   696 | D:1      | Reached * piety under Lugonu
   934 | D:1      | Reached skill level 1 in Dodging
  1285 | D:1      | Learned a level 1 spell: Animate Skeleton
  1750 | D:2      | Slain by an adder

Illustrated notes

Levels and vault maps discovered:
D:1:      dpeg_arrival_tiny_f, layout_rooms, chequers_ecumenical_altar_simple,
          bh_walls_and_bars
D:2:      layout_basic, st_stairs_2, uniq_crazy_yiuf_cottage

Skill      XL: |  1  2 |
---------------+-------+-----
Armour         | 2 |  2.0
Dodging        | 1 |  1.1
Fighting       | |  3.6
Long Blades    | |  1.8
Stealth        | |  0.1
Invocations    | |  2.5

Action                   || total
-------------------------++-------
Melee: Falchion          ||    66
Invok: Depart the Abyss  ||     1
  Use: Scroll            ||     8
Armor: Leather armour    ||    41
Dodge: Dodged            ||    74
       Rpst.: Falchion   ||    21
